[Event "European Womens-ch 2025"]
[Site "Rhodes"]
[Date "2025.04.03"]
[Round "4.1"]
[White "Narva, Mai"]
[Black "Kirtadze, Anastasia"]
[Result "1/2-1/2"]
[Annotator "RC"]
[ECO "B85"]
[WhiteElo "2380"]
[BlackElo "2180"]
[PlyCount "108"]
[EventDate "2025.03.29"]
[EventType "swiss"]
[EventCountry "GRE"]
[SourceTitle "playchess.com"]
[Source "ChessBase"]
[SourceQuality "1"]
[TimeControl "40/5400+30:1800+30"]

1. e4 c5 2. Nf3 e6 3. d4 cxd4 4. Nxd4 Nf6 5. Nc3 Nc6 6. Be2 Qc7 7. Be3 a6 8. O-O Be7 9. f4 d6 10. Kh1 O-O 11. a4 Bd7 12. Nb3 b6 13. Bf3 Rad8 14. g4 Bc8 15. g5 Nd7 16. Bg2 f6 17. h4 Nc5 18. Qe2 Nb4 19. Rad1 Kh8 20. Rd2 Bd7 21. Qc4 a5 22. Rfd1 Qc8 23. Nxc5 bxc5 24. Kh2 Bc6 25. Qe2 f5 26. Nb5 Bxe4 27. Bxe4 fxe4 28. Nxd6 Bxd6 29. Rxd6 Rxd6 30. Rxd6 Nd5 31. Qd2 c4 32. c3 Qb8 33. Rxe6 Nxe3 34. Qxe3 Rxf4 35. Qg3 Rxh4+ 36. Kg2 Qxb2+ 37. Kg1 Qc1+ 38. Kg2 Qd2+ 39. Kg1 Qd1+ 40. Kf2 Qd2+ 41. Kg1 Qc1+ 42. Kg2 Qh1+ 43. Kf2 Rh2+ 44. Ke3 Qc1+ 45. Kxe4 Qc2+ 46. Kd4 Rd2+ 47. Kc5 Qf5+ 48. Qe5 Qf8+ 49. Kxc4 Rd8 50. Re7 Qf1+ 51. Kb3 Qb1+ 52. Ka3 Qa1+ 53. Kb3 Qb1+ 54. Ka3 Qg6 1/2-1/2

[Event "European Womens-ch 2025"]
[Site "Rhodes"]
[Date "2025.04.03"]
[Round "4.2"]
[White "Roebers, Eline"]
[Black "Batsiashvili, Nino"]
[Result "1-0"]
[Annotator "TA"]
[ECO "C58"]
[WhiteElo "2367"]
[BlackElo "2473"]
[PlyCount "101"]
[EventDate "2025.03.29"]
[EventType "swiss"]
[EventCountry "GRE"]
[SourceTitle "playchess.com"]
[Source "ChessBase"]
[SourceQuality "1"]
[TimeControl "40/5400+30:1800+30"]

1. e4 e5 2. Nf3 Nc6 3. Bc4 Nf6 4. Ng5 d5 5. exd5 Na5 6. Bb5+ c6 7. dxc6 bxc6 8. Bd3 Nd5 {[%emt 0:00:44] C58: Two Knights: 4 Ng5 d5 5 exd5 Na5 sidelines.} 9. h4 (9. Nxh7 Nf4 10. Be4 Rxh7 $17) 9... h6 10. Qh5 {[%emt 0:00:14][%csl Gg5][%cal Rh5f7] [#]} Qf6 {[%emt 0:00:11] White is slightly better.} 11. Ne4 (11. Nh7 $5 Rxh7 12. Bxh7 $11) 11... Qe6 12. Ng5 Qf6 {[%emt 0:00:05] ...Nf4 is the strong threat. Black sacrificed a pawn} 13. Ne4 (13. Nh7 $1 $14 Rxh7 14. Bxh7) 13... Qe6 $11 14. b3 g6 15. Qe2 f5 16. Nec3 Bg7 (16... Nf4 $11 17. Qf1 Bg7) 17. Bb2 $14 O-O 18. Na3 e4 19. Bc4 Nxc4 20. Qxc4 a5 $146 (20... Rb8 21. O-O-O Rb4 22. Qe2 a5 23. Rhe1 a4 24. g3 axb3 25. axb3 Qd6 26. f3 Qc5 27. Nab1 Re8 28. fxe4 fxe4 {0-1 Firouzja,A (2777)-Caruana,F (2795) Sinquefield Cup 10th 2023 (6)}) 21. O-O-O Ba6 (21... Rf7 $1 $11) 22. Qc5 Rfd8 (22... Rf7 $14) 23. Na4 $16 Bxb2+ 24. Kxb2 Qf6+ 25. Kb1 h5 (25... Rab8 $14) 26. Rhe1 (26. Qxa5 $2 Bb5 27. Nxb5 Rxa5 $19) 26... Bb5 27. Nc3 ({White should play} 27. Nxb5 $16 cxb5 28. Qxb5) 27... Qe5 (27... Nf4 $14) 28. d4 $36 {[%emt 0:15:01][%mdl 2048] Keeping Black busy.} Qe6 29. f3 e3 $2 {[%emt 0:01:22] A mistake that costs the game.} (29... a4 $16) 30. Naxb5 $18 cxb5 31. Nxd5 (31. Nxb5 Rdc8 (31... Rac8 32. Qa7 $11) 32. Qa3 (32. Qd6 Nc3+ 33. Kb2 Nxd1+ 34. Rxd1 Qxd6 $15) 32... Rab8 $14) 31... Qxd5 32. Qxd5+ (32. Rxe3 $2 {is the wrong capture.} Qxc5 33. dxc5 Rxd1+ $19) 32... Rxd5 {[%emt 0:00:02][%mdl 4096] Endgame KRR-KRR. White is a pawn up.} 33. c4 (33. Rxe3 Rad8 34. Rc3 Rxd4 $18) 33... bxc4 34. bxc4 (34. Rxe3 cxb3 35. axb3 (35. Rxb3 Rc8 $11) 35... a4 $14) 34... Rb8+ 35. Kc2 ({Weaker is} 35. Ka1 Rd7 36. Rxe3 Kf7 $18) 35... Rd7 36. Rxe3 Rb4 (36... Kf8 $142 37. c5 Rdb7) 37. Rc3 Rdb7 38. Kd3 Kf7 39. d5 Rc7 40. Rd2 a4 41. Kd4 Rc8 42. Re2 Rb1 43. c5 Rd1+ 44. Kc4 Rd8 45. d6 Rc8 46. Re7+ Kf6 47. Rc7 Rb8 48. Rd3 Rc1+ 49. Kd5 {[%emt 0:00:17] [#] and d7 would now be decisive} Rcb1 50. d7 {[%emt 0:00:33] Intending Rc8 and mate.} Ke7 51. Kc6 {[%emt 0:00:20] Weighted Error Value: White=0.16 (very precise) /Black=0.39  Loses game:     	---       	Black=1      Mistake:       	White=2     	Black=6      Inaccurate:     	White=2     	Black=2      OK:         	White=9     	Black=8      Best:        	White=8     	---} (51. Re3+ $142 Kf8 52. Rc8+ Kg7 53. Rd3 (53. d8=Q Rd1+ 54. Kc4 Rxd8 $18) (53. Re7+ Kf6 $18) 53... R1b7 54. d8=Q (54. d8=R Rxc8 55. Rxc8 Re7 $18) 54... Rxc8 55. Qxc8 Rf7 56. c6) 1-0

[Event "European Womens-ch 2025"]
[Site "Rhodes"]
[Date "2025.04.03"]
[Round "4.3"]
[White "Radeva, Viktoria"]
[Black "Khotenashvili, Bella"]
[Result "0-1"]
[Annotator "RC"]
[ECO "B12"]
[WhiteElo "2297"]
[BlackElo "2418"]
[PlyCount "88"]
[EventDate "2025.03.29"]
[EventType "swiss"]
[EventCountry "GRE"]
[SourceTitle "playchess.com"]
[Source "ChessBase"]
[SourceQuality "1"]
[TimeControl "40/5400+30:1800+30"]

1. e4 c6 2. d4 d5 3. e5 Bf5 4. h4 h5 5. Bd3 Bxd3 6. Qxd3 Qa5+ 7. Nc3 e6 8. Bg5 Bb4 9. Nge2 c5 10. O-O Nc6 11. dxc5 Qxc5 12. Qg3 Qc4 13. a3 Bxc3 14. Nxc3 Nd4 15. Qd3 Qxd3 16. cxd3 Ne7 17. Bxe7 Kxe7 18. a4 a5 19. Nb5 Nxb5 20. axb5 Rhc8 21. Rfc1 Kd7 22. d4 Rxc1+ 23. Rxc1 Rc8 24. Rc5 a4 25. Kf1 Ra8 26. Rc3 Kd8 27. Rf3 Ra5 28. b6 Rb5 29. Rxf7 Rxb6 30. Rxg7 Rxb2 31. g4 a3 32. Rg8+ Ke7 33. Ra8 a2 34. Kg2 hxg4 35. Kg3 Kf7 36. Kxg4 Rxf2 37. Ra7 Kg6 38. Ra8 Rd2 39. Rg8+ Kh6 40. Rh8+ Kg7 41. Ra8 Rxd4+ 42. Kg5 Rd2 43. h5 Rg2+ 44. Kf4 b5 0-1

[Event "European Womens-ch 2025"]
[Site "Rhodes"]
[Date "2025.04.03"]
[Round "4.4"]
[White "Brunello, Marina"]
[Black "Beydullayeva, Govhar"]
[Result "0-1"]
[Annotator "RC"]
[ECO "C54"]
[WhiteElo "2330"]
[BlackElo "2400"]
[PlyCount "72"]
[EventDate "2025.03.29"]
[EventType "swiss"]
[EventCountry "GRE"]
[SourceTitle "playchess.com"]
[Source "ChessBase"]
[SourceQuality "1"]
[TimeControl "40/5400+30:1800+30"]

1. e4 e5 2. Nf3 Nc6 3. Bc4 Nf6 4. d3 Bc5 5. O-O d6 6. c3 a5 7. Re1 O-O 8. h3 Be6 9. Bb5 Ba7 10. Nbd2 Ne7 11. d4 c6 12. Bd3 Ng6 13. Nf1 Nh5 14. Ne3 Nhf4 15. Bf1 f6 16. Kh2 d5 17. exd5 Nxd5 18. Nc2 Qc7 19. g3 Rae8 20. Bg2 Bc8 21. dxe5 fxe5 22. Ne3 e4 23. Ng5 Nf6 24. Qc2 Nh4 25. Nc4 Nxg2 26. Kxg2 Nd5 27. Rxe4 Rxe4 28. Nxe4 Bf5 29. f4 Qe7 30. Ne5 Bb8 31. Bd2 Bxe5 32. fxe5 Qxe5 33. Re1 Re8 34. Kf3 Bxh3 35. Ng5 Rf8+ 36. Bf4 Qxg5 0-1

[Event "European Womens-ch 2025"]
[Site "Rhodes"]
[Date "2025.04.03"]
[Round "4.5"]
[White "Danielian, Elina"]
[Black "Toncheva, Nadya"]
[Result "1-0"]
[Annotator "RC"]
[ECO "D17"]
[WhiteElo "2398"]
[BlackElo "2329"]
[PlyCount "71"]
[EventDate "2025.03.29"]
[EventType "swiss"]
[EventCountry "GRE"]
[SourceTitle "playchess.com"]
[Source "ChessBase"]
[SourceQuality "1"]
[TimeControl "40/5400+30:1800+30"]

1. d4 d5 2. Nf3 Nf6 3. c4 c6 4. Nc3 dxc4 5. a4 Bf5 6. Ne5 Nbd7 7. Nxc4 Qc7 8. g3 e5 9. dxe5 Nxe5 10. Bf4 Nfd7 11. Bg2 f6 12. O-O g5 13. Nxe5 gxf4 14. Nd3 O-O-O 15. Nd5 cxd5 16. Rc1 Nc5 17. Nxc5 Bxc5 18. b4 b6 19. a5 fxg3 20. hxg3 Be4 21. axb6 axb6 22. bxc5 bxc5 23. Bxe4 dxe4 24. Qa4 Rhe8 25. Rb1 Re6 26. Qa8+ Kd7 27. Rfd1+ Rd6 28. Qxe4 Re8 29. Rxd6+ Qxd6 30. Qxh7+ Ke6 31. Rb7 Qc6 32. e4 Ke5 33. Rd7 Qxe4 34. f4+ Ke6 35. Qxe4+ Kxd7 36. Qd5+ 1-0

[Event "European Womens-ch 2025"]
[Site "Rhodes"]
[Date "2025.04.03"]
[Round "4.6"]
[White "Mkrtchian, Lilit"]
[Black "Antolak, Julia"]
[Result "1/2-1/2"]
[Annotator "RC"]
[ECO "E14"]
[WhiteElo "2388"]
[BlackElo "2314"]
[PlyCount "35"]
[EventDate "2025.03.29"]
[EventType "swiss"]
[EventCountry "GRE"]
[SourceTitle "playchess.com"]
[Source "ChessBase"]
[SourceQuality "1"]
[TimeControl "40/5400+30:1800+30"]

1. d4 Nf6 2. Nf3 d5 3. e3 e6 4. Bd3 Bd6 5. O-O b6 6. b3 Bb7 7. Bb2 O-O 8. c4 c5 9. dxc5 Bxc5 10. Nbd2 Nbd7 11. a3 Qe7 12. cxd5 exd5 13. Nd4 Ne5 14. Be2 Ne4 15. N2f3 Nxf3+ 16. Bxf3 f5 17. Ne2 a5 18. g3 1/2-1/2

[Event "European Womens-ch 2025"]
[Site "Rhodes"]
[Date "2025.04.03"]
[Round "4.7"]
[White "Maltsevskaya, Aleksandra"]
[Black "Unuk, Laura"]
[Result "1-0"]
[Annotator "RC"]
[ECO "D34"]
[WhiteElo "2376"]
[BlackElo "2301"]
[PlyCount "55"]
[EventDate "2025.03.29"]
[EventType "swiss"]
[EventCountry "GRE"]
[SourceTitle "playchess.com"]
[Source "ChessBase"]
[SourceQuality "1"]
[TimeControl "40/5400+30:1800+30"]

1. c4 e6 2. Nf3 d5 3. g3 Nf6 4. Bg2 c5 5. cxd5 exd5 6. d4 Nc6 7. O-O Be7 8. Nc3 O-O 9. h3 a6 10. Be3 c4 11. Ne5 Be6 12. f4 Qc7 13. f5 Bc8 14. g4 h6 15. Qd2 Bd6 16. Nxc6 bxc6 17. Bxh6 gxh6 18. Qxh6 Qe7 19. e4 Rd8 20. e5 Qa7 21. Qg5+ Kh7 22. exf6 Qxd4+ 23. Kh1 Bf8 24. Qh5+ Kg8 25. g5 Qe3 26. Rae1 Qd2 27. Re2 Qd3 28. g6 1-0

[Event "European Womens-ch 2025"]
[Site "Rhodes"]
[Date "2025.04.03"]
[Round "4.8"]
[White "Calzetta Ruiz, Monica"]
[Black "Socko, Monika"]
[Result "1/2-1/2"]
[Annotator "RC"]
[ECO "C06"]
[WhiteElo "2230"]
[BlackElo "2369"]
[PlyCount "87"]
[EventDate "2025.03.29"]
[EventType "swiss"]
[EventCountry "GRE"]
[SourceTitle "playchess.com"]
[Source "ChessBase"]
[SourceQuality "1"]
[TimeControl "40/5400+30:1800+30"]

1. e4 e6 2. d4 d5 3. Nd2 c5 4. Ngf3 Nf6 5. e5 Nfd7 6. c3 Nc6 7. Bd3 Be7 8. O-O g5 9. a3 a6 10. b4 c4 11. Be2 Nf8 12. Ne1 Ng6 13. g3 f5 14. exf6 Bxf6 15. Nc2 O-O 16. Ne3 b5 17. a4 Rb8 18. axb5 axb5 19. Bf3 Nce7 20. Ng4 e5 21. Nxf6+ Rxf6 22. dxe5 Nxe5 23. Bg2 Bg4 24. Qe1 Re6 25. Qe3 h6 26. h3 Nf3+ 27. Nxf3 Rxe3 28. Bxe3 Bf5 29. Ra6 Be4 30. Rxh6 Qf8 31. Bxg5 Bxf3 32. Bxf3 Qxf3 33. Bxe7 Qxc3 34. Bf6 Qd2 35. Rh8+ Kf7 36. Rxb8 Kxf6 37. Rxb5 c3 38. Rc5 d4 39. Ra1 c2 40. Ra6+ Ke7 41. Ra7+ Kd6 42. Ra6+ Kd7 43. Ra7+ Kd6 44. Ra6+ 1/2-1/2

[Event "European Womens-ch 2025"]
[Site "Rhodes"]
[Date "2025.04.03"]
[Round "4.9"]
[White "Urh, Zala"]
[Black "Bulmaga, Irina"]
[Result "1/2-1/2"]
[Annotator "RC"]
[ECO "E43"]
[WhiteElo "2244"]
[BlackElo "2362"]
[PlyCount "93"]
[EventDate "2025.03.29"]
[EventType "swiss"]
[EventCountry "GRE"]
[SourceTitle "playchess.com"]
[Source "ChessBase"]
[SourceQuality "1"]
[TimeControl "40/5400+30:1800+30"]

1. d4 Nf6 2. c4 e6 3. Nc3 Bb4 4. Nf3 b6 5. e3 Bb7 6. Bd3 O-O 7. O-O c5 8. Na4 cxd4 9. exd4 Be7 10. Bf4 d6 11. Re1 Nbd7 12. b4 Re8 13. a3 Bf8 14. Nc3 g6 15. Rc1 a6 16. h3 Rc8 17. Bf1 h6 18. Bh2 Rc7 19. c5 Rc8 20. cxd6 Nb8 21. Ne5 Bxd6 22. Qd3 Kg7 23. Bf4 g5 24. Bd2 Nh5 25. Qe2 Nf4 26. Bxf4 gxf4 27. Ne4 Bxe4 28. Qxe4 Bxe5 29. dxe5 Qg5 30. Bd3 Rxc1 31. Rxc1 Nd7 32. Re1 Nf8 33. Bxa6 Ng6 34. Qe2 Rd8 35. Bb7 h5 36. a4 f3 37. Qxf3 Qd2 38. Qf6+ Kg8 39. Re4 Qc1+ 40. Kh2 Rd1 41. h4 Rh1+ 42. Kg3 Qc7 43. Ba6 Ne7 44. Qg5+ Kf8 45. Qh6+ Kg8 46. Qg5+ Kf8 47. Qh6+ 1/2-1/2

[Event "European Womens-ch 2025"]
[Site "Rhodes"]
[Date "2025.04.03"]
[Round "4.10"]
[White "Zherebtsova, Alexandra"]
[Black "Savina, Anastasia"]
[Result "1-0"]
[Annotator "RC"]
[ECO "A41"]
[WhiteElo "2229"]
[BlackElo "2331"]
[PlyCount "53"]
[EventDate "2025.03.29"]
[EventType "swiss"]
[EventCountry "GRE"]
[SourceTitle "playchess.com"]
[Source "ChessBase"]
[SourceQuality "1"]
[TimeControl "40/5400+30:1800+30"]

1. d4 d6 2. c4 e5 3. d5 e4 4. Nc3 f5 5. Nh3 Nd7 6. Qa4 Ngf6 7. Ng5 Ke7 8. Qc2 Ne5 9. Nb5 h6 10. Ne6 Bxe6 11. dxe6 c5 12. Bf4 Kxe6 13. O-O-O Qa5 14. g4 Nfxg4 15. Bh3 h5 16. Rd5 Be7 17. Nd4+ Kf6 18. Nxf5 Qxa2 19. Nxd6 Qa1+ 20. Qb1 Qxb1+ 21. Kxb1 Bxd6 22. Rxd6+ Ke7 23. Bxe5 Nxf2 24. Rd7+ Ke8 25. Rg1 Nxh3 26. Rgxg7 Rh6 27. Rge7+ 1-0

[Event "European Womens-ch 2025"]
[Site "Rhodes"]
[Date "2025.04.03"]
[Round "4.11"]
[White "Ibrahimova, Sabina"]
[Black "Arabidze, Meri"]
[Result "0-1"]
[Annotator "RC"]
[ECO "D36"]
[WhiteElo "2199"]
[BlackElo "2447"]
[PlyCount "96"]
[EventDate "2025.03.29"]
[EventType "swiss"]
[EventCountry "GRE"]
[SourceTitle "playchess.com"]
[Source "ChessBase"]
[SourceQuality "1"]
[TimeControl "40/5400+30:1800+30"]

1. c4 e6 2. Nc3 d5 3. d4 Nf6 4. cxd5 exd5 5. Bg5 Be7 6. e3 c6 7. Bd3 Nbd7 8. Nge2 O-O 9. Qc2 Re8 10. O-O Nf8 11. a4 a5 12. h3 Nh5 13. Bxe7 Qxe7 14. Nb1 Ng6 15. Nd2 Nh4 16. Kh2 Qd6+ 17. Kh1 Qh6 18. Rg1 Nf6 19. Ng3 Qg5 20. e4 dxe4 21. Ndxe4 Nxe4 22. Bxe4 f5 23. Bd3 Be6 24. Bc4 f4 25. Rae1 Bd5 26. Ne4 Qf5 27. Bd3 Nf3 28. Nf6+ Qxf6 29. Bxh7+ Kh8 30. gxf3 Bxf3+ 31. Kh2 Qxd4 32. Bg6 Re5 33. Rxe5 Qxe5 34. Qd3 Bd5 35. Rg4 f3+ 36. Rg3 Rf8 37. Qd2 Rf6 38. Kg1 Re6 39. Qxa5 Qe1+ 40. Qxe1 Rxe1+ 41. Kh2 Rf1 42. b3 b6 43. b4 Rxf2+ 44. Kg1 Ra2 45. b5 cxb5 46. axb5 f2+ 47. Kf1 Bc4+ 48. Bd3 Ra3 0-1

[Event "European Womens-ch 2025"]
[Site "Rhodes"]
[Date "2025.04.03"]
[Round "4.12"]
[White "Mkrtchyan, Mariam"]
[Black "Injac, Teodora"]
[Result "0-1"]
[Annotator "TA"]
[ECO "B30"]
[WhiteElo "2282"]
[BlackElo "2454"]
[PlyCount "70"]
[EventDate "2025.03.29"]
[EventType "swiss"]
[EventCountry "GRE"]
[SourceTitle "playchess.com"]
[Source "ChessBase"]
[SourceQuality "1"]
[TimeControl "40/5400+30:1800+30"]

1. e4 c5 2. Nf3 Nc6 3. Bb5 e6 4. Bxc6 bxc6 5. d3 Qc7 6. e5 {[%emt 0:02:07] B30: Sicilian: 2...Nc6 3 Bb5, lines without ...g6.} f6 7. Bf4 Ne7 8. Qe2 {[%emt 0:00:32] The position is equal.} fxe5 $146 (8... Nf5 9. h4 fxe5 10. Nxe5 d6 11. Nc4 Be7 12. Nc3 O-O 13. O-O-O e5 14. Bg5 Nd4 {0-1 Skliarov,V (2387)-Migot,T (2353) Titled Tuesday intern op 10th May Early blitz 2022 (5)}) 9. Qxe5 Qxe5+ 10. Nxe5 Nf5 11. Nc4 d6 12. Nba3 e5 13. Bd2 Be7 14. f4 exf4 15. Bxf4 g5 16. Bd2 Be6 17. O-O Kd7 18. c3 h5 19. Nc2 h4 20. N4e3 Raf8 21. d4 cxd4 22. Nxd4 Nxd4 23. cxd4 g4 24. b3 Bf6 25. Nc2 {[%emt 0:02:28] [#]} (25. Rf4 $142) 25... Bg7 {[%emt 0:01:01] This pair of bishops is nice.} (25... g3 $142 $1 {Hoping for ...h3.} 26. h3 Bg7) 26. Bc3 $17 h3 {[%emt 0:05:04] Black is more active.} 27. Rxf8 Rxf8 (27... Bxf8 $2 {too greedy.} 28. d5 Rh6 29. dxe6+ $18) 28. Rf1 {[%emt 0:00:30] [#]} Rxf1+ $1 29. Kxf1 {[%emt 0:00:04][%mdl 4096] Endgame KBB-KBN} Bh6 30. g3 (30. gxh3 $17 gxh3 31. Ne1) 30... Bf5 $19 31. Ne1 Bb1 32. a3 Ba2 33. b4 $2 (33. Nd3) 33... Ke6 {[%emt 0:00:25] Black is clearly winning.} 34. b5 cxb5 35. Nc2 Kf5 {[%emt 0:00:27] Weighted Error Value: White=0.31/Black=0.06 (flawless)   Mistake:       	White=3     	Black=1      Inaccurate:     	White=3     	---        OK:         	White=8     	Black=15     Best:        	---       	Black=2      Strong:       	---       	Black=1} 0-1

[Event "European Womens-ch 2025"]
[Site "Rhodes"]
[Date "2025.04.03"]
[Round "4.13"]
[White "Tsolakidou, Stavroula"]
[Black "Allahverdiyeva, Ayan"]
[Result "1-0"]
[Annotator "RC"]
[ECO "E20"]
[WhiteElo "2445"]
[BlackElo "2266"]
[PlyCount "73"]
[EventDate "2025.03.29"]
[EventType "swiss"]
[EventCountry "GRE"]
[SourceTitle "playchess.com"]
[Source "ChessBase"]
[SourceQuality "1"]
[TimeControl "40/5400+30:1800+30"]

1. d4 Nf6 2. c4 e6 3. g3 Bb4+ 4. Nc3 d5 5. Bg2 O-O 6. Nf3 dxc4 7. O-O Nc6 8. Qa4 Nd5 9. Qc2 Be7 10. Rd1 Rb8 11. e4 Ndb4 12. Qe2 Nd3 13. Be3 b5 14. d5 exd5 15. exd5 Na5 16. Nd4 b4 17. Ncb5 Bc5 18. b3 a6 19. bxc4 axb5 20. cxb5 Ne5 21. Ne6 fxe6 22. Bxc5 Rf5 23. dxe6 Qe8 24. e7 Bb7 25. f4 Nf3+ 26. Bxf3 Rxc5 27. Bg4 Kh8 28. Bd7 Qg8 29. Rac1 Rxc1 30. Rxc1 Bd5 31. e8=Q Rxe8 32. Qxe8 Bxa2 33. Rxc7 Qxe8 34. Bxe8 g6 35. Ra7 b3 36. Bf7 Bb1 37. Rxa5 1-0

[Event "European Womens-ch 2025"]
[Site "Rhodes"]
[Date "2025.04.03"]
[Round "4.14"]
[White "Sieber, Fiona"]
[Black "Wagner, Dinara"]
[Result "1/2-1/2"]
[Annotator "RC"]
[ECO "B52"]
[WhiteElo "2276"]
[BlackElo "2440"]
[PlyCount "56"]
[EventDate "2025.03.29"]
[EventType "swiss"]
[EventCountry "GRE"]
[SourceTitle "playchess.com"]
[Source "ChessBase"]
[SourceQuality "1"]
[TimeControl "40/5400+30:1800+30"]

1. e4 c5 2. Nf3 d6 3. Bb5+ Bd7 4. Bxd7+ Qxd7 5. d4 cxd4 6. Qxd4 Nc6 7. Qd3 Nf6 8. Nc3 g6 9. O-O Bg7 10. h3 Rc8 11. Bg5 O-O 12. Rfe1 Rfe8 13. Bxf6 Bxf6 14. e5 Bg7 15. exd6 exd6 16. Rxe8+ Rxe8 17. Rd1 Rd8 18. Nd5 Ne7 19. c3 Nxd5 20. Qxd5 Qc6 21. Qa5 Ra8 22. Qb4 Rd8 23. Qa5 Ra8 24. Qb4 Rd8 25. h4 h5 26. Qa5 Ra8 27. Qb4 Rd8 28. Kh2 a6 1/2-1/2

[Event "European Womens-ch 2025"]
[Site "Rhodes"]
[Date "2025.04.03"]
[Round "4.15"]
[White "Schneider, Jana"]
[Black "Ushenina, Anna"]
[Result "0-1"]
[Annotator "RC"]
[ECO "C41"]
[WhiteElo "2251"]
[BlackElo "2428"]
[PlyCount "100"]
[EventDate "2025.03.29"]
[EventType "swiss"]
[EventCountry "GRE"]
[SourceTitle "playchess.com"]
[Source "ChessBase"]
[SourceQuality "1"]
[TimeControl "40/5400+30:1800+30"]

1. e4 d6 2. d4 Nf6 3. Nc3 e5 4. Nf3 Nbd7 5. Bc4 Be7 6. a4 O-O 7. O-O c6 8. Ba2 h6 9. Nh4 exd4 10. Qxd4 Ne5 11. f4 c5 12. Qd2 Nc6 13. Ng6 Re8 14. e5 Nh7 15. Nb5 Nd4 16. Nxe7+ Rxe7 17. Nxd4 cxd4 18. Qxd4 Bf5 19. c3 dxe5 20. fxe5 Be6 21. Bxe6 Rxe6 22. Bf4 Nf8 23. Rad1 Qa5 24. Bg3 Rae8 25. b4 Qxa4 26. Ra1 Qc6 27. Rxa7 R6e7 28. Ra5 Rd7 29. b5 Qg6 30. Qf2 Rc8 31. Ra3 Qd3 32. Qb6 Ne6 33. Ra7 Rcc7 34. Be1 Qe4 35. Ra8+ Kh7 36. Qf2 Rc5 37. b6 Rxe5 38. Bd2 Qc2 39. Be1 Re2 40. Qf3 Ng5 41. Qg3 Rde7 42. Ra1 R7e3 43. Qg4 f5 44. Qxf5+ Qxf5 45. Rxf5 Rxe1+ 46. Rxe1 Rxe1+ 47. Kf2 Rb1 48. h4 Ne4+ 49. Ke3 Nxc3 50. Kd4 Na4 0-1

[Event "European Womens-ch 2025"]
[Site "Rhodes"]
[Date "2025.04.03"]
[Round "4.16"]
[White "Stefanova, Antoaneta"]
[Black "Velikic, Adela"]
[Result "0-1"]
[Annotator "RC"]
[ECO "A13"]
[WhiteElo "2426"]
[BlackElo "2214"]
[PlyCount "148"]
[EventDate "2025.03.29"]
[EventType "swiss"]
[EventCountry "GRE"]
[SourceTitle "playchess.com"]
[Source "ChessBase"]
[SourceQuality "1"]
[TimeControl "40/5400+30:1800+30"]

1. Nf3 d5 2. e3 Nf6 3. c4 e6 4. Nc3 Be7 5. b3 O-O 6. Bb2 b6 7. d4 Bb7 8. Rc1 Nbd7 9. Bd3 a6 10. O-O Bd6 11. a4 Re8 12. a5 dxc4 13. bxc4 e5 14. Bf5 exd4 15. exd4 Bb4 16. axb6 Nxb6 17. Na2 Bf8 18. d5 c6 19. Bd4 Nc8 20. dxc6 Bxc6 21. Ne5 Bb7 22. Rb1 Nd6 23. Bd3 Qa5 24. Re1 Rab8 25. Nc3 Ba8 26. Rxb8 Rxb8 27. c5 Nb5 28. Nxb5 axb5 29. Qb1 Rd8 30. Be3 Qc3 31. Qa1 b4 32. Rc1 Qxa1 33. Rxa1 Nd5 34. Bd4 Nf4 35. Bf1 Bxg2 36. Bxg2 Ne2+ 37. Kf1 Nxd4 38. c6 Bd6 39. f4 g6 40. Bd5 Bxe5 41. fxe5 Kg7 42. Rc1 b3 43. Be4 b2 44. Rb1 Rc8 45. Rxb2 Nxc6 46. Rb5 Nd4 47. Rb4 Ne6 48. Rb5 Rc5 49. Rxc5 Nxc5 50. Bd5 Kf8 51. Ke2 Nd7 52. e6 Nb6 53. Bb3 f6 54. h4 Ke7 55. h5 Na8 56. Bc2 f5 57. Kf3 Nc7 58. Kf4 Kf6 59. e7 Ne6+ 60. Kg3 Kxe7 61. Bb3 Kf6 62. hxg6 hxg6 63. Bc4 g5 64. Be2 Ke5 65. Bd1 Nd4 66. Bh5 Ke4 67. Bg6 Ne2+ 68. Kf2 Nf4 69. Bh7 Nd3+ 70. Kg3 Ne5 71. Kh3 Kf4 72. Bg8 g4+ 73. Kh4 Nf3+ 74. Kh5 g3 0-1

[Event "European Womens-ch 2025"]
[Site "Rhodes"]
[Date "2025.04.03"]
[Round "4.17"]
[White "Kulon, Klaudia"]
[Black "Jarocka, Liwia"]
[Result "1/2-1/2"]
[Annotator "RC"]
[ECO "C00"]
[WhiteElo "2401"]
[BlackElo "2231"]
[PlyCount "103"]
[EventDate "2025.03.29"]
[EventType "swiss"]
[EventCountry "GRE"]
[SourceTitle "playchess.com"]
[Source "ChessBase"]
[SourceQuality "1"]
[TimeControl "40/5400+30:1800+30"]

1. Nf3 Nf6 2. g3 d5 3. Bg2 e6 4. O-O c5 5. d3 Nc6 6. Nbd2 Be7 7. e4 O-O 8. Re1 b5 9. e5 Nd7 10. Nf1 Qc7 11. Bf4 d4 12. h4 Nb6 13. Ng5 h6 14. Ne4 Nd5 15. Nf6+ Bxf6 16. Bxd5 Be7 17. Be4 Rd8 18. Qg4 Kh8 19. Bxh6 gxh6 20. Qf3 Nxe5 21. Qf4 Kg7 22. Bxa8 Bd6 23. Bg2 Rg8 24. Qe4 f5 25. Qe2 Kh7 26. c3 c4 27. cxd4 Nxd3 28. Red1 Qb6 29. Rxd3 cxd3 30. Qxd3 Rd8 31. Rc1 Bb8 32. Rc6 Qa5 33. a3 Bd7 34. b4 Qa4 35. Rc3 a5 36. d5 e5 37. Ne3 axb4 38. axb4 e4 39. Qb1 Be5 40. Rc1 Kg7 41. g4 fxg4 42. Qxe4 Re8 43. Qb1 g3 44. h5 gxf2+ 45. Kf1 Qa3 46. Kxf2 Bg3+ 47. Kxg3 Qxe3+ 48. Kh2 Qf4+ 49. Kg1 Qd4+ 50. Kh2 Qh4+ 51. Kg1 Qd4+ 52. Kh2 1/2-1/2

[Event "European Womens-ch 2025"]
[Site "Rhodes"]
[Date "2025.04.03"]
[Round "4.18"]
[White "Krasteva, Beloslava"]
[Black "Daulyte-Cornette, Deimante"]
[Result "1/2-1/2"]
[Annotator "RC"]
[ECO "A42"]
[WhiteElo "2257"]
[BlackElo "2389"]
[PlyCount "52"]
[EventDate "2025.03.29"]
[EventType "swiss"]
[EventCountry "GRE"]
[SourceTitle "playchess.com"]
[Source "ChessBase"]
[SourceQuality "1"]
[TimeControl "40/5400+30:1800+30"]

1. d4 d6 2. Nf3 Nf6 3. c4 g6 4. Nc3 Bg7 5. e4 Bg4 6. Be2 Bxf3 7. Bxf3 e5 8. Be3 Nc6 9. d5 Nd4 10. Bxd4 exd4 11. Qxd4 O-O 12. Qd2 Nd7 13. O-O Qf6 14. Rae1 Nc5 15. Bd1 Rfe8 16. Bc2 Re7 17. Nd1 Rae8 18. f3 a5 19. Kh1 b6 20. b3 Qa1 21. a4 Qa2 22. Re3 Bh6 23. Qc3 Bg7 24. Qd2 Bh6 25. Qc3 Bg7 26. Qd2 Bh6 1/2-1/2